 Dungeon Crawl Stone Soup version 0.31-a0-675-g238779eb0a (webtiles) character file.

Game seed: 9674697693783648589

5545 Gelion the Mimic (level 10, -27/85 (86) HPs)
             Began as an Octopode Shapeshifter on Sept 5, 2023.
             Was an Initiate of Gozag.
             Killed by the air
             ... invoked by Gastronok
              (40 damage)
             ... on level 8 of the Dungeon.
             The game lasted 00:23:40 (9791 turns).

Gelion the Mimic (Octopode Shapeshifter)            Turns: 9791, Time: 00:23:41

HP:   -27/85 (86)   AC:  9    Str: 18    XL:     10   Next: 71%
MP:   10/10         EV: 25    Int: 14    God:    Gozag
Gold: 686           SH:  0    Dex: 15    Spells: 9/9 levels left

rFire   . .          .
                       - Unarmed
rCold   . . .        (shield currently unavailable)
rNeg    . . .        (helmet currently unavailable)
rPois   .            r - amulet of the acrobat
rElec   .            f - ring of resist corrosion
rCorr   +            (no ring)
SInv    .            (no ring)
Will    .....        (no ring)
Stlth   +            (no ring)
HPRegen 0.34/turn    (no ring)
MPRegen 0.12/turn    (no ring)
                     (no ring)

%: acrobat
@: mighty, snake-form, gold aura, acrobatic, lightly drained
A: constrict, boosted hp, almost no armour, amphibious, 8 rings, large,
(camouflage 1), (gelatinous body 1), (nimble swimmer 1), (tentacles)
a: Begin Untransformation, Renounce Religion, Potion Petition, Call Merchant,
Bribe Branch


You were on level 8 of the Dungeon.
You worshipped Gozag.
Gozag was pleased with you.
You were an enormous anaconda.
You visited 2 branches of the dungeon, and saw 9 of its levels.
You also visited: Ossuary.

You collected 1290 gold pieces.
You spent 411 gold pieces at shops.
You paid 193 gold pieces to Gozag.

Inventory:

Jewellery
 f - a ring of resist corrosion (left tentacle)
 r - an amulet of the acrobat (around neck)
Talismans
 c - a flux talisman
 d - a serpent talisman (active)
Wands
 j - a wand of flame (9)
 n - a wand of paralysis (10)
Scrolls
 a - 6 scrolls of teleportation
 b - 3 scrolls of noise
 e - a scroll of blinking
 g - a scroll of enchant armour
 k - 2 scrolls of fear
 m - 2 scrolls of brand weapon
 p - 2 scrolls of revelation
Potions
 h - 2 potions of cancellation
 i - a potion of mutation {unknown}
 l - 2 potions of resistance
 q - a potion of curing
 u - a potion of heal wounds
 v - a potion of magic
 z - a potion of haste
 A - a potion of attraction


   Skills:
 + Level 7.8 Fighting
 - Level 2.0 Dodging
 + Level 8.4 Unarmed Combat
 * Level 10.7 Shapeshifting


You had 9 spell levels left.
You didn't know any spells.
Your spell library contained the following spells:

 Spells                   Type           Power      Damage    Failure   Level
 Freeze                   Ice            0%         1d3       28%         1
 Sandblast                Erth           0%         2d4       28%         1
 Passwall                 Tmut/Erth      0%         N/A       41%         2
 Sublimation of Blood     Necr           0%         N/A       41%         2
 Wereblood                Tmut           0%         N/A       41%         2
 Frozen Ramparts          Ice            0%         1d1       65%         3
 Hailstorm                Conj/Ice       0%         3d3       65%         3
 Stone Arrow              Conj/Erth      0%         3d7       65%         3
 Summon Ice Beast         Ice/Summ       0%         N/A       96%         4
 Summon Hydra             Summ           0%         N/A       100%        7
 Simulacrum               Ice/Necr       Unusable   N/A       N/A         6

Dungeon Overview and Level Annotations

Branches:
Dungeon (8/15)             Temple (1/1) D:5         Ossuary (visited)
   Lair: D:8-11

Altars:
Ashenzari
Cheibriados
Dithmenos
Fedhas
Gozag
Hepliaklqana
Kikubaaqudgha
Makhleb
Okawaru
Qazlal
Ru
Sif Muna
Trog
Uskayaw
Vehumet
Wu Jian
Xom
Yredelemnul
Zin
The Shining One

Shops:
D:4 **   D:7 ?

Annotations:
D:7 Jeremiah
D:8 Gastronok


Innate Abilities, Weirdness & Mutations

You are an enormous anaconda.
You have a powerful constriction melee attack.
Your maximum health is increased.
Your armour is entirely melded.
You are incapable of wielding weapons or throwing items.
You cannot wear most types of armour.
You are amphibious.
You can wear up to eight rings at the same time.
((Your skin changes colour to match your surroundings (Stealth+).))
((Your rubbery body absorbs attacks. (AC +1, EV +1)))
((You are camouflaged when in or above water. (Stealth+)))
((You have tentacles for arms and can constrict up to eight enemies at once.))


Message History

Gastronok is moderately wounded.
Gastronok waves his eye-stalks in wide circles.
The air twists around and strikes you!!
The deep elf pyromancer mumbles some strange words.
The wight hits you with a +0 short sword!
You feel drained.
You completely miss the wight. Your grab misses the wight. You lash the wight!
You grab the wight.
The wight is heavily damaged.
You constrict the wight. The wight hits you but does no damage.
The deep elf pyromancer casts a spell.
Gastronok waves his eye-stalks in wide circles.
The air twists around and strikes you!
You lash the wight!
You destroy the wight!
The fire elemental disappears in a puff of smoke!
The fire elemental hits you. The fire elemental burns you!
The fire elemental is distracted by your dazzling golden aura.
Unknown command.
You body-slam Gastronok!!
Gastronok is heavily wounded.
The fire elemental hits you. The fire elemental burns you!
* * * LOW HITPOINT WARNING * * *
A six-headed hydra comes into view.
Gastronok bites you but does no damage.
Unknown command.
The fire elemental is no longer distracted by gold.
The deep elf pyromancer points at you and mumbles some strange words.
The bolt of fire hits the fire elemental.
The fire elemental completely resists.
The bolt of fire misses you.
The fire elemental completely misses you.
The deep elf pyromancer gestures wildly while chanting.
The deep elf pyromancer blinks!
The fire elemental hits you. The fire elemental burns you!
* * * LOW HITPOINT WARNING * * *
Gastronok waves his eye-stalks in wide circles.
The air twists around and strikes you!!!
You die...
Gastronok gurgles, "Let's see if you taste as good as that wizard did."
Your body crumbles into a pile of gold.

...#'## #.'.......... #.#..###
##.#.# ###..)....... #..<....
##...#########...#####...######'#
.............#.).#...# .........
############.#...#...# .........
....... #...#...# .......).
#...### #####...#...#+#######...
.#.# #.......#.8.[.D. #... # .#
#......S#○.....8 #... #
#.......E§°.?... #... #
#...#####w.°[$.. #... # #...#
E..?... .... # .. #...# 8......
.... # #.# #...# .....8. # ..
#...#######+#...
#+####.###......... ... ....#
..##......... ..


You could see Gastronok (swift) and 2 fire elementals.

Vanquished Creatures
  Joseph (D:7)
  Maggie (D:7)
  Prince Ribbit (D:5)
  Grinder (D:3)
  Sigmund (D:2)
  5 yaks (D:7)
  A steam dragon (D:8)
  Menkaure (D:5)
  4 water moccasins
  A sky beast (D:7)
  2 orc warriors
  2 black bears
  3 ice beasts
  3 ogres
  5 centaurs
  2 kobold brigands (D:8)
  4 wights
  8 killer bees (D:8)
  A howler monkey (D:7)
  A lava snake (D:7)
  A jelly (D:6)
  2 gnoll boudas
  5 hounds
  3 orc priests
  Ijyb (D:3)
  Jessica (D:3)
  3 iguanas (D:4)
  3 orc wizards (D:6)
  8 mummies (Ossuary)
  Robin (D:3)
  5 adders
  4 gnolls (D:4)
  2 white imps (D:6)
  A worm (D:4)
  24 orcs
  6 ball pythons
  5 bats
  4 endoplasms
  A giant cockroach (D:4)
  13 goblins
  13 hobgoblins
  10 jackals
  3 quokkas
  A frilled lizard (D:1)
  A hobgoblin zombie (Ossuary)
  10 kobolds
  4 kobold zombies (Ossuary)
  3 orc zombies (Ossuary)
  3 rats
189 creatures vanquished.

Vanquished Creatures (others)
  An orc wizard (D:6)
1 creature vanquished.

Grand Total: 190 creatures vanquished

Notes
Turn   | Place    | Note
-------+----------+-------------------------------------------
     0 | D:1      | Gelion the Octopode Shapeshifter began the quest for the
                  | Orb.
     0 | D:1      | Reached XP level 1. HP: 13/13 MP: 1/1
   265 | D:1      | Reached XP level 2. HP: 15/18 MP: 2/2
   899 | D:2      | Reached XP level 3. HP: 21/23 MP: 3/3
   915 | D:2      | Identified the staff "Wech" {rPois rF- MP+9 Stlth+ Earth}
   953 | D:2      | Noticed Sigmund
  1235 | D:3      | You fall into a shaft and drop 1 floor!
  1262 | D:4      | Found an ancient bone altar of Kikubaaqudgha.
  1376 | D:4      | Reached XP level 4. HP: 26/29 MP: 4/4
  1403 | D:3      | Found an iron altar of Okawaru.
  1443 | D:3      | Reached skill level 4 in Shapeshifting
  1483 | D:3      | Noticed Jessica
  1490 | D:3      | Killed Jessica
  1637 | D:3      | Reached XP level 5. HP: 29/34 MP: 5/5
  1731 | D:3      | Noticed Robin
  1748 | D:3      | Killed Robin
  1883 | D:3      | Found a faded altar of an unknown god.
  2042 | D:3      | Noticed Grinder
  2204 | D:3      | Noticed Ijyb
  2218 | D:3      | Killed Ijyb
  2688 | D:4      | Reached XP level 6. HP: 40/41 MP: 6/6
  2781 | D:4      | Found Qialuen's General Store.
  2781 | D:4      | Found Cuug's Specific Store.
  2935 | D:4      | Identified the +0 trident of the Mosquito {flame, Int+3}
  2948 | D:4      | Reached skill level 5 in Shapeshifting
  3156 | D:4      | Reached XP level 7. HP: 14/46 MP: 7/7
  3803 | D:5      | Entered Level 5 of the Dungeon
  3832 | D:5      | Found a staircase to the Ecumenical Temple.
  3839 | Temple   | Entered the Ecumenical Temple
  4032 | D:5      | Reached skill level 5 in Unarmed Combat
  4032 | D:5      | Reached skill level 6 in Shapeshifting
  4304 | D:5      | Reached XP level 8. HP: 12/54 MP: 8/8
  4530 | D:5      | Noticed Menkaure
  4549 | D:5      | Killed Menkaure
  4982 | D:5      | Noticed Prince Ribbit
  4992 | D:5      | Killed Prince Ribbit
  4993 | D:5      | Reached skill level 7 in Shapeshifting
  5107 | D:3      | Killed Grinder
  5108 | D:3      | Reached skill level 5 in Fighting
  5182 | D:2      | Killed Sigmund
  5495 | D:6      | Found a sand-covered staircase.
  5501 | Ossuary  | Entered an ossuary
  5758 | Ossuary  | Identified 2 scrolls of acquirement
  5758 | Ossuary  | Acquired 478 gold pieces
  5760 | Ossuary  | Acquired a ring of resist corrosion
  5818 | D:6      | Reached XP level 9. HP: 57/61 MP: 9/9
  5820 | D:6      | Reached skill level 8 in Shapeshifting
  6531 | D:7      | Noticed Joseph
  6809 | D:7      | Killed Joseph
  6810 | D:7      | Reached skill level 9 in Shapeshifting
  7245 | D:7      | Reached XP level 10. HP: 67/69 MP: 10/10
  7288 | D:7      | Found Saoserio's Magic Scroll Boutique.
  7293 | D:7      | Bought a scroll of identify for 30 gold pieces
  7293 | D:7      | Bought a scroll of teleportation for 45 gold pieces
  7293 | D:7      | Bought a scroll of teleportation for 45 gold pieces
  7293 | D:7      | Bought a scroll of identify for 30 gold pieces
  7293 | D:7      | Bought a scroll of revelation for 112 gold pieces
  7293 | D:7      | Bought a scroll of teleportation for 45 gold pieces
  7397 | D:4      | Bought a scroll of blinking for 82 gold pieces
  7397 | D:4      | Bought a scroll of identify for 22 gold pieces
  7580 | D:7      | Reached skill level 10 in Shapeshifting
  7814 | D:7      | Found an opulent altar of Gozag.
  7819 | D:7      | Became a worshipper of Gozag Ym Sagoz the Greedy
  8110 | D:7      | Found a hide-covered altar of Uskayaw.
  8110 | D:7      | Found a glowing silver altar of Zin.
  8186 | D:7      | Noticed Jeremiah
  8189 | D:7      | Noticed Maggie
  8206 | D:7      | Killed Maggie
  9775 | D:8      | Noticed Gastronok
  9778 | D:8      | Noticed a deep elf pyromancer
  9789 | D:8      | Noticed a six-headed hydra
  9791 | D:8      | Killed from afar by Gastronok

Illustrated notes

Levels and vault maps discovered:
D:1:      dpeg_arrival_tiny_k, layout_loops_ring
D:2:      layout_rooms, uniq_sigmund
D:3:      layout_loops_ring, okawaru_ov_weapons_minmay,
          shapermc_ecumenical_altar_gd, uniq_jessica, uniq_ijyb, uniq_grinder,
          uniq_robin
D:4:      layout_loops_corners, general_overflow_altar, nicolae_specific_store,
          minmay_ruptured
D:5:      layout_basic, minmay_temple_entry_mini_moons, uniq_prince_ribbit1,
          uniq_menkaure
D:6:      layout_basic, nicolae_ossuary_entry_plus, kennysheep_small_square
D:7:      layout_cave_pods, nicolae_gozag_cash_rules_everything_around_me,
          nicolae_overflow_two_pavilions, serial_shops,
          nicolae_shop_hallway_plus, uniq_joseph, uniq_maggie, uniq_jeremiah
D:8:      kennysheep_blocky_room, layout_basic, uniq_gastronok
Temple:   bh_familiar_temple

Skill      XL: |  1  2  3  4  5  6  7  8  9 10 |
---------------+-------------------------------+-----
Fighting       | 2 3 4 5 6 7 |  7.8
Shapeshifting  | 4 5 6 7 9 10 | 10.7
Unarmed Combat | 4 5 6 7 8 |  8.4
Dodging        | |  2.0

Action                     |  1- 3 |  4- 6 |  7- 9 | 10-12 || total
---------------------------+-------+-------+-------+-------++-------
  Melee: Unarmed           |    64 |   111 |   210 |   137 ||   522
         Constrict         |    15 |    30 |    37 |    32 ||   114
         Tentacles         |    10 |    22 |     7 |       ||    39
         Punch             |     2 |     5 |     3 |       ||    10
  Evoke: Wand              |       |     2 |     1 |    16 ||    19
    Use: Scroll            |     2 |       |    15 |     5 ||    22
         Potion            |     1 |       |     5 |     1 ||     7
   Stab: Sleeping          |     2 |     7 |     4 |       ||    13
         Paralysed         |       |       |     4 |     9 ||    13
 Armour: Skin              |    28 |    37 |   117 |    81 ||   263
  Dodge: Dodged            |    52 |    52 |   105 |    71 ||   280
   Form: Anaconda          |       |       |     1 |       ||     1

Table legend: (Time is in decaauts)
 A = Elapsed time spent in this place.
 B = Non-inter-level travel time spent in this place.
 C = Inter-level travel time spent in this place.
 D = Time resting spent in this place.
 E = Time spent auto-exploring this place.
 F = Levels seen in this place.
 G = Mean time per level.
                   A        B        C        D        E       F      G
               +--------+--------+--------+--------+--------+-----+--------+
         Total |   9750 |   8559 |   1191 |    778 |   6213 |  10 |  975.0 |
       Dungeon |   9423 |   8258 |   1165 |    750 |   6025 |   8 | 1177.9 |
        Temple |     27 |      1 |     26 |      0 |      0 |   1 |   27.0 |
       Ossuary |    299 |    299 |      0 |     28 |    188 |   1 |  299.0 |
               +--------+--------+--------+--------+--------+-----+--------+

Top non-repeatable levels by time:
     D:7: 1796 daAuts
     D:4: 1472 daAuts
     D:6: 1414 daAuts
     D:3: 1302 daAuts
     D:5: 1299 daAuts
     D:1: 890 daAuts
     D:8: 689 daAuts
     D:2: 558 daAuts
 Ossuary: 299 daAuts
  Temple: 27 daAuts
